cohdb
Replays
Latest Replays
All Replays
Popular Replays
Top Player Replays
Match Explorer
How It Works
Community
CoH3 Stats
Reddit
Sign in to upload your games and track your stats! →
Sign in with Steam
Match 43063698
Unlisted
Match 43063698
Overview
Messages
Build Orders
End
Royal Engineer Section
Construct Section Command Post
Infantry Section
Infantry Section
Grenade Package
Infantry Section
Construct Platoon Command Post
Infantry Section
Construct Field Infirmary
Infantry Section
Selects Heavy Armor Battlegroup
Selects Rigorous Vehicle Training
Selects Forward Repair Assembly
Humber Armored Car
Infantry Section
Selects Light Vehicle Withdraw and Refit
Selects Radio Net
Infantry Section
風吹草枝襬
I love yangyang
Jarkke
ViiKumi
0
0
Comments
sign in to comment!
No comments posted yet!